 Dungeon Crawl Stone Soup version 0.27.1-3-gb3d3a73c9e (webtiles) character file.

Game seed: 5959209238677291117

252 jlumianski the Chopper (level 5, -2/49 HPs)
             Began as a Deep Dwarf Fighter on Oct 8, 2021.
             Slain by Crazy Yiuf (12 damage)
             ... on level 3 of the Dungeon.
             The game lasted 00:08:31 (1595 turns).

jlumianski the Chopper (Deep Dwarf Fighter)         Turns: 1595, Time: 00:08:31

Health: -2/49      AC:  7    Str: 21    XL:     5   Next: 89%
Magic:  5/5        EV:  8    Int:  8    God:
Gold:   107        SH: 10    Dex: 12    Spells: 4/4 levels left

rFire    . . .     SeeInvis .   a - +0 war axe
rCold    . . .     Faith    .   c - +0 kite shield
rNeg     . . .     Spirit   .   b - +0 scale mail
rPois    .         Reflect  .   (no helmet)
rElec    .         Harm     .   (no cloak)
rCorr    .         Rampage  .   (no gloves)
Will     .....                  (no boots)
Stlth    ..........             k - amulet of magic regeneration
HPRegen  0.00/turn              (no ring)
MPRegen  0.34/turn              (no ring)

@: lethally poisoned (-2 -> -2)
A: damage resistance, heal wounds, sense surroundings 1, no regeneration
a: Heal Wounds


You were on level 3 of the Dungeon.
You visited 1 branch of the dungeon, and saw 3 of its levels.

You collected 107 gold pieces.

Inventory:

Hand Weapons
 a - a +0 war axe (weapon)
 e - a +0 hunting sling
Missiles
 f - 100 stones
 n - 18 bolts
 r - 4 javelins (quivered)
Armour
 b - a +0 scale mail (worn)
 c - a +0 kite shield (worn)
Jewellery
 k - an amulet of magic regeneration (around neck)
Scrolls
 g - a scroll of vulnerability
 h - 2 scrolls of identify
Potions
 d - a potion of might
 i - a potion of resistance
 j - a potion of degeneration
 o - 2 potions of heal wounds
 q - a potion of lignification


   Skills:
 + Level 3.2 Fighting
 + Level 4.8 Axes
 + Level 4.1 Armour
 + Level 0.9 Dodging
 + Level 4.5 Shields


You had 4 spell levels left.
You didn't know any spells.
Your spell library was empty.

Dungeon Overview and Level Annotations

Branches:
Dungeon (3/15)

Altars:
Fedhas

Annotations:
D:3 Crazy Yiuf


Innate Abilities, Weirdness & Mutations

You are resistant to damage.
You can heal yourself by infusing magical energy.
You passively map a small area around you.
You do not regenerate.


Message History

Crazy Yiuf shouts!
You see here a +0 mace.
You see here a +0 mace.
Found three maces.
You see here a +0 mace.
Press: ? - help, v - describe, . - travel, g - get item
Here: Crazy Yiuf, wielding a +4 quarterstaff of chaos and wearing a +0 cloak (fire blocked by a runed translucent door) Item here: a mace.
The floor.
Unknown command.
Unknown command.
You open the door. You closely miss Crazy Yiuf.
Crazy Yiuf hits you with a +4 quarterstaff of chaos.
Space warps horribly around you. Crazy Yiuf barely misses you.
You barely miss Crazy Yiuf.
Crazy Yiuf hits you with a +4 quarterstaff of chaos!
Crazy Yiuf freezes you.
You hit Crazy Yiuf.
Crazy Yiuf is lightly wounded.
Crazy Yiuf whimpers, "Defame hand cower!"
Crazy Yiuf hits you with a +4 quarterstaff of chaos.
You are poisoned.
You block Crazy Yiuf's attack.
Your shield prevents you from hitting Crazy Yiuf.
Crazy Yiuf is lightly wounded.
You block Crazy Yiuf's attack.
You completely miss Crazy Yiuf.
Crazy Yiuf is lightly wounded.
Crazy Yiuf hits you with a +4 quarterstaff of chaos.
You are more poisoned.
You closely miss Crazy Yiuf.
Crazy Yiuf is lightly wounded.
Crazy Yiuf hits you with a +4 quarterstaff of chaos!
* * * LOW HITPOINT WARNING * * *
You easily resist.
Crazy Yiuf hits you with a +4 quarterstaff of chaos.
* * * LOW HITPOINT WARNING * * *
You are electrocuted!
You die...

...##
....####
.......####
..........##
#####
......###..#
#).)#
......# ####
#)))#
......# *)))
......# #g#
##########
......# #@##
#........#
......# ##)#
#...####.###
......# #)##
##.........#
......# ##)#
#...≈≈.....
.##...##
##)##
##.≈≈≈≈...##
.......##
##..)#
#.≈≈_≈≈.....
##......##
#....#
##.≈≈≈....##
.##......#
#....#
##..≈.....#
..#......#
#....#
#.........#


You could see Crazy Yiuf.

Vanquished Creatures
  A black bear (D:3)
  2 hounds
  2 adders (D:2)
  2 dart slugs
  6 ball pythons
  6 bats
  6 endoplasms
  4 goblins
  6 hobgoblins
  10 jackals
  4 kobolds
  4 quokkas
  3 frilled lizards
  20 rats
76 creatures vanquished.

Notes
Turn   | Place    | Note
-------+----------+-------------------------------------------
     0 | D:1      | jlumianski the Deep Dwarf Fighter began the quest for the
                  | Orb.
     0 | D:1      | Reached XP level 1. HP: 20/20 MP: 1/1
   130 | D:1      | Reached XP level 2. HP: 20/27 MP: 2/2
   158 | D:1      | Reached XP level 3. HP: 28/34 MP: 3/3
   850 | D:2      | Reached XP level 4. HP: 30/42 MP: 4/4
  1265 | D:3      | Found a blossoming altar of Fedhas.
  1384 | D:3      | Reached XP level 5. HP: 47/49 MP: 5/5
  1515 | D:3      | Noticed a black bear
  1520 | D:3      | Killed a black bear
  1585 | D:3      | Found a runed translucent door.
  1586 | D:3      | Noticed Crazy Yiuf
  1595 | D:3      | Slain by Crazy Yiuf

Illustrated notes

Levels and vault maps discovered:
D:1:      ebering_trefoil_3fold, layout_basic
D:2:      layout_rooms, hangedman_feature_mirror, minmay_indecisive_spiral
D:3:      layout_rooms, mainiacjoe_overflow_small_starburst, fedhas_altar_2,
          mainiacjoe_overflow_24_doors, minmay_misc_feat_five, minmay_rat_hole,
          uniq_crazy_yiuf_cottage

Skill      XL: |  1  2  3  4  5 |
---------------+----------------+-----
Fighting       | 3 |  3.2
Shields        | 4 |  4.5
Axes           | 3 4 |  4.8
Armour         | 4 |  4.1
Dodging        | |  0.9

Action                   |  1- 3 |  4- 6 || total
-------------------------+-------+-------++-------
Melee: War axe           |    88 |    84 ||   172
Throw: Javelin           |       |     3 ||     3
 Abil: Heal Wounds       |     1 |     1 ||     2
  Use: Scroll            |       |     9 ||     9
Armor: Scale mail        |    51 |    56 ||   107
Dodge: Dodged            |    44 |    42 ||    86
Block: Kite shield       |    74 |    65 ||   139
